 Dungeon Crawl Stone Soup version 0.30.0-29-ga12c61a403 (webtiles) character file.

Game seed: 11990579111758525701

3877 NanayHabana the Cudgeller (level 10, -16/120 HPs)
             Began as a Human Gladiator on June 17, 2023.
             Was a Believer of Ru.
             Shot with a bolt by an orc warrior (18 damage)
             ... in a bailey.
             The game lasted 00:22:59 (7020 turns).

NanayHabana the Cudgeller (Human Gladiator)         Turns: 7020, Time: 00:23:00

Health: -16/120    AC: 25    Str: 20    XL:     10   Next: 42%
Magic:  11/13      EV:  2    Int: 17    God:    Ru [**....]
Gold:   174        SH:  0    Dex: 15    Spells: 7/13 levels left

rFire   . . .        h - +8 flail of Tuwoaf Axin {spect, rPois rC+ Int+2 Stlth+}
rCold   + . .        (no shield)
rNeg    . . .        v - melded +7 ring mail of Exclusion {rC+ Str+3 SInv}
rPois   +            c - melded +0 helmet
rElec   .            (cloak currently unavailable)
rCorr   .            (gloves currently unavailable)
SInv    .            (boots currently unavailable)
Will    .....        (no amulet)
Stlth   ++++         x - ring of poison resistance
HPRegen 0.40/turn    D - +6 ring of strength
MPRegen 0.13/turn

%: no passive effects
@: tree-form (expiring)
A: stationary, stasis, torment immunity, boosted hp, inability to use devices,
clever 1, robust 1, MP-powered wands
a: Renounce Religion, Sacrifice Courage, Sacrifice Stealth, Sacrifice
Experience, Reject Sacrifices


You were in a bailey.
You worshipped Ru.
Ru was pleased with you.
You were a tree.
You visited 2 branches of the dungeon, and saw 8 of its levels.
You also visited: Ossuary and Bailey.

You collected 328 gold pieces.
You spent 154 gold pieces at shops.

Inventory:

Hand Weapons
 a - a +0 quarterstaff
 h - the +8 flail of Tuwoaf Axin (weapon) {spect, rPois rC+ Int+2 Stlth+}
   (You found it on level 2 of the Dungeon)

   Int:       It affects your intelligence (+2).
   rC:        It protects you from cold.
   rPois:     It protects you from poison.
   Stlth:     It makes you more stealthy.
Missiles
 d - 4 throwing nets (quivered)
Armour
 b - a +1 leather armour
 c - a +0 helmet (melded)
 k - a +0 ring mail
 v - the +7 ring mail of Exclusion (melded) {rC+ Str+3 SInv}
   (You found it on level 6 of the Dungeon)

   Str:       It affects your strength (+3).
   rC:        It protects you from cold.
   SInv:      It lets you see invisible.
Jewellery
 f - a ring of flight
 x - a ring of poison resistance (left branch)
 D - a +6 ring of strength (right branch)
Scrolls
 m - 4 scrolls of identify
 r - a scroll of teleportation
 y - 3 scrolls of fog
 z - a scroll of noise
 A - a scroll of vulnerability
 C - a scroll of amnesia
Potions
 g - a potion of magic {unknown}
 i - 2 potions of lignification
 j - 2 potions of curing
 l - 2 potions of brilliance
 o - 2 potions of attraction
 p - a potion of resistance {unknown}
 q - 3 potions of mutation
 s - 3 potions of haste
 t - a potion of flight {unknown}
 u - a potion of cancellation {unknown}


   Skills:
 * Level 4.5 Fighting
 * Level 6.7(7.6) Maces & Flails
 * Level 3.7(5.1) Polearms
 * Level 5.3(7.4) Staves
 * Level 4.3 Throwing
 * Level 4.1 Armour
 * Level 5.5 Dodging
 * Level 4.9 Stealth
 * Level 2.0 Spellcasting
 * Level 2.1 Conjurations
 * Level 1.5 Ice Magic
 * Level 2.1 Air Magic


You had 7 spell levels left.
You knew the following spells:

 Your Spells              Type           Power      Damage    Failure   Level
a - Static Discharge      Conj/Air       18%        2-3/arc   12%         2
b - Frozen Ramparts       Ice            14%        1d3       30%         3
c - Shock                 Conj/Air       36%        1d5       8%          1

Your spell library contained the following spells:

 Spells                   Type           Power      Damage    Failure   Level
 Lesser Beckoning         Tloc           2%         N/A       28%         2
 Dazzling Flash           Conj/Hex       10%        N/A       36%         3
 Gell's Gravitas          Tloc           1%         N/A       50%         3
 Teleport Other           Tloc           1%         N/A       50%         3
 Airstrike                Air            4%         2d(1-17)  61%         4
 Summon Lightning Spire   Summ/Air       5%         N/A       77%         4
 Ice Form                 Ice/Tmut       4%         N/A       80%         4
 Summon Ice Beast         Ice/Summ       4%         N/A       80%         4
 Silence                  Hex/Air        2%         N/A       98%         5
 Agony                    Necr           1%         N/A       99%         5
 Chain Lightning          Conj/Air       4%         3d6       100%        9


Dungeon Overview and Level Annotations

Branches:
Dungeon (7/15)             Temple (1/1) D:6         Ossuary (visited)
 Bailey (1/1)

Altars:
Ashenzari
Dithmenos
Elyvilon
Gozag
Hepliaklqana
Kikubaaqudgha
Okawaru
Qazlal
Ru
Sif Muna
Uskayaw
Vehumet
Wu Jian
Xom
Yredelemnul
Zin
The Shining One

Shops:
D:1 !   D:6 :

Portals:
Abyss: D:3

Annotations:
D:3 2 transporters, ryak's ghost, amateur OpVM


Innate Abilities, Weirdness & Mutations

You are a tree.
Your roots penetrate the ground, keeping you stationary.
You cannot be teleported.
You are immune to unholy pain and torment.
Your maximum health is greatly increased.
Your equipment is partially melded.
You cannot study or use magical devices.
Your mind is acute. (Int +4, Str/Dex -1)
You are robust. (+10% HP)
You expend magic power (3 MP) to strengthen your wands.


Message History

The orc warrior is stunned by your conviction and fails to attack.
The orc shoots a bolt.
The bolt hits you but does no damage.
Casting: Static Discharge (safe; 12% risk of failure)
Confirm with . or Enter, or press ? or * to list all spells.
You can't see any susceptible monsters within range! (Use Z to cast anyway.) Unknown command.
The orc shoots a bolt.
The bolt hits you but does no damage.
The orc shoots a bolt.
The bolt hits you but does no damage.
The orc warrior shoots a bolt.
The bolt hits you but does no damage.
The orc warrior shoots a bolt.
The bolt hits you but does no damage.
Casting: Static Discharge (safe; 12% risk of failure)
Confirm with . or Enter, or press ? or * to list all spells.
The orc is struck by an arc of lightning.
Flame seeps out of the orc.
The orc is severely wounded.
You are struck by an arc of lightning.
The lightning grounds out.
The orc stops glowing.
The orc is engulfed in blazing flames.
The orc explodes!
The fiery explosion engulfs you!!!
* * * LOW HITPOINT WARNING * * *
The orc shoots a bolt.
The bolt hits you but does no damage.
The orc warrior shoots a bolt.
The bolt hits you!
* * * LOW HITPOINT WARNING * * *
Unknown command.
Unknown command.
You feel better.
You are engulfed in blazing flames.
* * * LOW HITPOINT WARNING * * *
The orc shoots a bolt.
The bolt hits you but does no damage.
The orc warrior shoots a bolt.
The bolt barely misses you.
You feel better.
You are engulfed in blazing flames.
* * * LOW HITPOINT WARNING * * *
As you read the scroll of fog, it crumbles to dust.
The scroll dissolves into smoke.
You are engulfed in blazing flames.
Your transformation is almost over.
The orc shoots a bolt.
The bolt hits you but does no damage.
Unknown command.
You are engulfed in blazing flames.
The orc is stunned by your conviction and fails to attack.
The orc warrior shoots a bolt.
The bolt hits you!!
You die...

##..#'''##.....
....##.....##.....
≈≈...##....##....≈
#.....≈≈#.##≈....#######....≈
#.....≈##o∩#≈...............≈
#.....≈#.o.(o................
#.....≈##.##≈o..............≈
#.....≈≈###≈§§§.............≈
#......≈≈§§≈♣§§..............
#........§§§§§§.............
#........§§§§.............. .
#..........§.................
#∩..................... ...
####################### ####


You could see an orc warrior (inner flame) and an orc.

Vanquished Creatures
  Sigmund (D:2)
  A wyvern (D:7)
  A water moccasin (D:6)
  Duvessa (D:5)
  An ice beast (D:6)
  7 orc warriors
  A sky beast (D:6)
  A black bear (D:5)
  An ogre (D:6)
  A centaur (D:7)
  3 bullfrogs (D:7)
  5 scorpions
  A water moccasin zombie (Ossuary)
  4 wights
  Dowan (D:5)
  5 killer bees (D:7)
  3 howler monkeys (D:7)
  A bullfrog zombie (Ossuary)
  2 centaur zombies (Ossuary)
  3 jellies
  2 human zombies (D:5)
  4 hounds
  3 gnoll boudas
  An orc priest (D:4)
  2 sleepcaps
  2 iguanas (D:5)
  4 orc wizards
  A human skeleton (D:5)
  9 adders
  20 gnolls
  A shadow imp (D:6)
  3 white imps
  2 adder zombies (Ossuary)
  3 worms
  3 dart slugs
  35 orcs
  4 ball pythons
  7 endoplasms
  5 giant cockroaches
  6 goblins
  9 hobgoblins
  4 jackals (D:5)
  5 bats
  4 frilled lizards
  5 gnoll zombies (Ossuary)
  7 goblin zombies (Ossuary)
  2 hobgoblin zombies (Ossuary)
  3 kobolds
  An orc skeleton (D:5)
  4 orc zombies
  5 rats
210 creatures vanquished.

Vanquished Creatures (others)
  A kobold (D:1)
1 creature vanquished.

Grand Total: 211 creatures vanquished

Notes
Turn   | Place    | Note
-------+----------+-------------------------------------------
     0 | D:1      | NanayHabana the Human Gladiator began the quest for the
                  | Orb.
     0 | D:1      | Reached XP level 1. HP: 16/16 MP: 1/1
    54 | D:1      | Reached XP level 2. HP: 15/22 MP: 2/2
   178 | D:2      | Identified the +8 flail of Tuwoaf Axin {spect, rPois rC+
                  | Int+2 Stlth+}
   207 | D:2      | Reached XP level 3. HP: 26/27 MP: 3/3
   339 | D:3      | Reached skill level 1 in Stealth
   342 | D:3      | Reached XP level 4. HP: 19/33 MP: 4/4
   416 | D:4      | Reached skill level 1 in Polearms
   417 | D:4      | Reached XP level 5. HP: 30/39 MP: 5/5
   501 | D:5      | Entered Level 5 of the Dungeon
   520 | D:5      | Reached skill level 1 in Maces & Flails
   520 | D:5      | Reached skill level 1 in Armour
   533 | D:5      | Reached XP level 6. HP: 12/46 MP: 6/6
   539 | D:5      | Reached skill level 2 in Maces & Flails
   735 | D:5      | Noticed a black bear
   743 | D:5      | Killed a black bear
   744 | D:5      | Reached XP level 7. HP: 43/52 MP: 7/7
  1160 | D:5      | Found a sand-covered staircase.
  1171 | Ossuary  | Entered an ossuary
  1262 | Ossuary  | Reached skill level 3 in Maces & Flails
  1320 | Ossuary  | Reached XP level 8. HP: 31/58 MP: 8/8
  1335 | Ossuary  | Noticed a silent spectre
  1538 | D:5      | Reached skill level 4 in Maces & Flails
  1554 | D:5      | Gained mutation: You have hidden genetic potential. [potion
                  | of mutation]
  1554 | D:5      | Gained mutation: You expend magic power (3 MP) to
                  | strengthen your wands. [potion of mutation]
  1563 | D:5      | Noticed Duvessa
  1563 | D:5      | Noticed Dowan
  1570 | D:5      | Killed Duvessa
  1574 | D:5      | Killed Dowan
  2233 | D:6      | Found a staircase to the Ecumenical Temple.
  2238 | Temple   | Entered the Ecumenical Temple
  2425 | Temple   | Became a worshipper of Ru the Awakened
  2569 | D:6      | Reached skill level 1 in Evocations
  2570 | D:6      | Identified the +7 ring mail of Exclusion {rC+ Str+3 SInv}
  2576 | D:6      | Reached skill level 5 in Maces & Flails
  2717 | D:6      | Reached XP level 9. HP: 53/65 MP: 9/9
  2720 | D:6      | Learned a level 2 spell: Static Discharge
  2791 | D:6      | Found Faaqyky's Book Shoppe.
  2849 | D:6      | Gained mutation: Your mind is acute. (Int +4, Str/Dex -1)
                  | [hidden potential]
  3356 | D:4      | Reached skill level 1 in Conjurations
  3481 | D:4      | Learned a level 3 spell: Frozen Ramparts
  3598 | D:4      | Found an ornate altar of the Wu Jian Council.
  3693 | D:4      | Gained mutation: You cannot study or use magical devices.
                  | [Ru sacrifice]
  3693 | D:4      | Reached * piety under Ru
  3693 | D:4      | Reached ** piety under Ru
  3800 | D:4      | Got Voyn's Papyrus of Lightning
  4151 | D:3      | Found a transporter.
  4158 | D:3      | Found a transporter.
  4256 | D:3      | Found a one-way gate to the infinite horrors of the Abyss.
  4256 | D:3      | Noticed ryak's ghost (amateur OpVM)
  4497 | D:3      | Noticed a toenail golem
  4833 | D:2      | Noticed Sigmund
  4844 | D:2      | Killed Sigmund
  4982 | D:2      | Learned a level 1 spell: Shock
  5388 | D:1      | Reached skill level 1 in Spellcasting
  5556 | D:1      | Found Tetoq's Distillery.
  5565 | D:1      | Bought a potion of curing for 42 gold pieces
  5565 | D:1      | Bought a potion of berserk rage for 70 gold pieces
  5565 | D:1      | Bought a potion of curing for 42 gold pieces
  5978 | D:7      | Reached skill level 1 in Air Magic
  6007 | D:7      | Reached skill level 5 in Staves
  6007 | D:7      | Reached skill level 5 in Dodging
  6032 | D:7      | Reached skill level 6 in Maces & Flails
  6045 | D:7      | Paralysed by a wight for 4 turns
  6053 | D:7      | Paralysed by a wight for 3 turns
  6058 | D:7      | Paralysed by a wight for 3 turns
  6109 | D:7      | Reached XP level 10. HP: 22/72 MP: 10/12
  6124 | D:7      | Reached skill level 1 in Ice Magic
  6199 | D:7      | Gained mutation: You are robust. (+10% HP) [hidden
                  | potential]
  6199 | D:7      | Lost mutation: You have hidden genetic potential. [hidden
                  | potential expressed]
  6415 | D:7      | Found a flagged portal.
  6429 | Bailey   | Entered a bailey
  6967 | Bailey   | Identified the +1 short sword of Blood {holy, rElec Str+9
                  | Int-3 Stlth-}
  6968 | Bailey   | Noticed an orc knight
  7017 | Bailey   | HP: 5/120 [cloud of flame (21)]
  7018 | Bailey   | HP: 1/120 [cloud of flame (11)]
  7020 | Bailey   | Shot with a bolt by an orc warrior

Illustrated notes

Levels and vault maps discovered:
D:1:      eino_arrival_water_cross, layout_basic, serial_shops,
          nicolae_shop_peninsula, serial_curves, eino_curves_02, eino_curves_04,
          minmay_distorted
D:2:      layout_loops_ring, minmay_pentomino_u4, uniq_sigmund
D:3:      layout_loops_ring, gammafunk_ghost_abyssal_escape
D:4:      layout_gridville, nzn_wu_jian_council_hall
D:5:      layout_cave_pods, nicolae_ossuary_entry_catacombs,
          minmay_stone_trees_large, hangedman_decor_lopped, serial_bayou_pond_e,
          uniq_duvessa
D:6:      layout_layer_cave, temple_doors_e, serial_shops, shop
D:7:      layout_rooms, enter_bailey_2, kb_lookout_dungeons_type,
          minmay_quadrilaterals, uniq_crazy_yiuf_cottage
Temple:   roderic_octagonal_lattice_temple
Bailey:   bailey_polearm_2, bailey

Skill      XL: |  1  2  3  4  5  6  7  8  9 10 |
---------------+-------------------------------+-----
Stealth        | 1 2 3 4 |  4.9
Polearms       | 1 2 3 |  3.7
Maces & Flails | 1 2 3 5 6 |  6.7
Armour         | 1 2 3 4 |  4.1
Fighting       | 3 4 |  4.5
Staves         | 4 5 |  5.3
Dodging        | 4 5 |  5.5
Throwing       | 3 4 |  4.3
Evocations     | 1 0 |  0.0
Conjurations   | 1 2 |  2.1
Spellcasting   | 1 2 |  2.0
Air Magic      | 1 2 |  2.1
Ice Magic      | 1 |  1.5

Action                     |  1- 3 |  4- 6 |  7- 9 | 10-12 || total
---------------------------+-------+-------+-------+-------++-------
  Melee: Quarterstaff      |    16 |       |       |       ||    16
         Flail             |    17 |    38 |   242 |    59 ||   356
         Punch             |       |       |     1 |     2 ||     3
  Throw: Throwing net      |       |       |     1 |       ||     1
         Javelin           |       |       |       |     1 ||     1
   Cast: Static Discharge  |       |       |     6 |     4 ||    10
 Invoke: Sacrifice Artific |       |       |     1 |       ||     1
    Use: Potion            |       |     3 |     5 |     5 ||    13
         Scroll            |       |     1 |    13 |     3 ||    17
   Stab: Distracted        |       |     1 |     1 |       ||     2
         Sleeping          |       |       |    19 |     1 ||    20
         Held in net/web   |       |       |     2 |       ||     2
         Invisible         |       |       |       |     1 ||     1
 Armour: Leather armour    |     7 |     8 |    28 |       ||    43
         Skin              |       |    50 |    11 |    22 ||    83
         Ring mail         |       |       |    82 |    47 ||   129
  Dodge: Dodged            |    13 |    35 |   190 |    96 ||   334
